 Dungeon Crawl Stone Soup version 0.30-a0-451-ge042605de7 (webtiles) character file.

Game seed: 10097959156949241757

26170 Adrian566 the Severer (level 12, -9/93 (97) HPs)
             Began as a Demonspawn Fighter on Dec 11, 2022.
             Killed from afar by an orc sorcerer (27 damage)
             ... with a bolt of negative energy
             ... on level 2 of the Orcish Mines.
             The game lasted 00:19:18 (13128 turns).

Adrian566 the Severer (Demonspawn Fighter)         Turns: 13128, Time: 00:19:19

HP:   -9/93 (97)    AC: 23    Str: 29    XL:     12   Next: 96%
MP:   13/13         EV:  7    Int: 19    God:
Gold: 3980          SH: 12    Dex: 11    Spells: 11/11 levels left

rFire   + + .      SeeInvis .    a - +0 war axe (spect)
rCold   + + .      Faith    .    o - +2 shield of Resistance {rF++ rC++ Will++}
rNeg    . . .      Spirit   .    m - +2 plate armour {rPois}
rPois   +          Reflect  .    z - +0 hat of Refuge {Will- Str+9 Int+7}
rElec   +          Harm     .    f - +1 cloak
rCorr   .          Rampage  .    (no gloves)
Will    +....                    y - +2 pair of boots "Wyjuavy" {+Inv rPois Int+2 Dex-3}
Stlth   ..........               n - amulet of regeneration
HPRegen 1.15/turn                (no ring)
MPRegen 0.13/turn                (no ring)

@: about to teleport, lightly drained
A: horns 2, rugged brown scales 2, demonic guardian 2, spiny 1, high MP 1,
electricity resistance
a: Evoke Invisibility


You were on level 2 of the Orcish Mines.
You visited 3 branches of the dungeon, and saw 13 of its levels.
You also visited: Bailey.

You collected 4036 gold pieces.
You spent 56 gold pieces at shops.

Inventory:

Hand Weapons
 a - a +0 spectral war axe (weapon)
 s - the +8 flail "Jaippan" {spect, *Slow rElec rF+ Dex+6}
   (You found it in a bailey)

   When its wielder attacks, the weapon's spirit leaps out and strikes again.
   The spirit shares a part of any damage it takes with its wielder.
   Dex:       It affects your dexterity (+6).
   rF:        It protects you from fire.
   rElec:     It insulates you from electricity.
   *Slow:     It may slow you when you take damage.
Armour
 f - a +1 cloak (worn)
 m - a +2 plate armour of poison resistance (worn)
 o - the +2 shield of Resistance (worn) {rF++ rC++ Will++}
   (You found it on level 2 of the Dungeon)

   rF:        It greatly protects you from fire.
   rC:        It greatly protects you from cold.
   Will:      It greatly increases your willpower.
 y - the +2 pair of boots "Wyjuavy" (worn) {+Inv rPois Int+2 Dex-3}
   (You found it on level 7 of the Dungeon)

   Int:       It affects your intelligence (+2).
   Dex:       It affects your dexterity (-3).
   rPois:     It protects you from poison.
   +Inv:      It lets you turn invisible.
 z - the +0 hat of Refuge (worn) {Will- Str+9 Int+7}
   (You acquired it on level 7 of the Dungeon)

   Str:       It affects your strength (+9).
   Int:       It affects your intelligence (+7).
   Will:      It decreases your willpower.
Jewellery
 e - a ring of willpower
 n - an amulet of regeneration (around neck)
 x - an amulet of reflection
Wands
 i - a wand of roots (8)
 w - a wand of polymorph (7)
 C - a wand of charming (27) (quivered)
 F - a wand of light (2)
 H - a wand of digging (3)
Scrolls
 b - a scroll of butterflies
 c - a scroll of brand weapon
 d - 4 scrolls of noise
 h - 6 scrolls of teleportation
 v - 3 scrolls of magic mapping
 D - 4 scrolls of fog
 E - a scroll of identify
 I - 2 scrolls of amnesia
Potions
 g - 4 potions of curing
 j - 2 potions of magic
 k - a potion of mutation
 l - 3 potions of heal wounds
 p - a potion of cancellation
 q - 2 potions of lignification
 r - 2 potions of attraction
 u - 2 potions of flight
 A - 3 potions of degeneration
 B - 2 potions of brilliance
 G - a potion of might


   Skills:
 + Level 8.2 Fighting
 * Level 15.3 Axes
 + Level 8.5 Armour
 + Level 1.6 Dodging
 + Level 2.0 Stealth
 + Level 7.7 Shields
 + Level 1.9 Evocations


You had 11 spell levels left.
You didn't know any spells.
Your spell library contained the following spells:

 Spells                   Type           Power      Damage    Failure   Level
 Freeze                   Ice            0%         1d3       99%         1
 Slow                     Hex            0%         N/A       99%         1
 Confusing Touch          Hex            0%         N/A       100%        3
 Dazzling Flash           Conj/Hex       0%         N/A       100%        3
 Frozen Ramparts          Ice            0%         1d1       100%        3
 Gell's Gravitas          Tloc           0%         N/A       100%        3
 Hailstorm                Conj/Ice       0%         3d3       100%        3
 Lesser Beckoning         Tloc           0%         N/A       100%        3
 Teleport Other           Tloc           0%         N/A       100%        3
 Vampiric Draining        Necr           0%         2d6       100%        3
 Vhi's Electric Charge    Tloc/Air       0%         N/A       100%        3
 Arcjolt                  Conj/Air       0%         1d10      100%        5
 Fireball                 Conj/Fire      0%         3d3       100%        5
 Irradiate                Conj/Tmut      0%         3d11      100%        5
 Summon Forest            Summ/Tloc      0%         N/A       100%        5
 Summon Mana Viper        Hex/Summ       0%         N/A       100%        5
 Dispersal                Tloc           0%         N/A       100%        6
 Summon Cactus Giant      Summ           0%         N/A       100%        6
 Orb of Destruction       Conj           0%         9d5       100%        7
 Maxwell's Capacitive Co  Air            0%         ∞         100%        8


Dungeon Overview and Level Annotations

Branches:
Dungeon (10/15)            Temple (1/1) D:4            Lair (0/5) D:9
    Orc (2/2) D:10            Elf (0/3) Orc:2        Bailey (visited)

Altars:
Ashenzari
Cheibriados
Dithmenos
Fedhas
Gozag
Hepliaklqana
Kikubaaqudgha
Makhleb
Nemelex Xobeh
Okawaru
Qazlal
Ru
Sif Muna
Trog
Uskayaw
Vehumet
Wu Jian
Xom
Yredelemnul

Shops:
D:4 =   D:10 *   Orc:1 :   Orc:2 *


Innate Abilities, Weirdness & Mutations

You have a pair of horns on your head.
You are mostly covered in rugged brown scales. (AC +2, +5% HP)
A demonic guardian rushes to your aid.
You are partially covered in sharp spines.
You have an increased reservoir of magic. (+10% MP)
You are resistant to electric shocks. (rElec)


Message History

Your +0 spectral war axe hits the orc high priest.
Your +0 spectral war axe fades away.
You closely miss the orc high priest.
The orc high priest is heavily wounded.
You slash the orc priest! You slash the orc knight!
You block the orc priest's attack.
The orc sorcerer gestures wildly while chanting.
The orc knight hits you with a +0 long sword!
The orc high priest hits you but does no damage.
You hit the orc high priest.
The orc high priest is heavily wounded.
You barely miss the orc knight. You slash the orc priest!
You kill the orc priest!
Your +0 spectral war axe hits the orc knight but does no damage.
Your +0 spectral war axe hits the orc high priest!
You block the orc knight's attack.
The orc sorcerer casts a spell.
Send 'em back where they came from!
Your +0 spectral war axe fades away.
You block the orc high priest's attack.
An orc wizard comes into view. It is wielding a +0 dagger.
You slash the orc high priest!
The orc high priest is almost dead.
You hit the orc knight but do no damage.
Your +0 spectral war axe barely misses the orc knight.
Your +0 spectral war axe closely misses the orc high priest.
The orc knight hits you with a +0 long sword!!
A demonic guardian appears!
The orc high priest calls down the wrath of Beogh upon you.
Pain shoots through your body!
* * * LOW HITPOINT WARNING * * *
As you read the scroll of teleportation, it crumbles to dust.
You feel strangely unstable.
The orc knight is struck by your spines.
The orc knight hits you with a +0 long sword.
* * * LOW HITPOINT WARNING * * *
An orc warrior comes into view. It is wielding a +0 long sword.
The orc sorcerer points at you and mumbles some strange words.
The bolt of negative energy hits you!!
You feel drained.
You die...

..#####.##.####
...o
............#.##
#...
..#####.##.....#
...
...##.##..#.##
#.o
...##.##..###.
o.
...##.##...#.#
#. #o
##..##..###.....
#∩.#o##)..##.##
##.#.#
#.3o@...##..#
#####
##3§o))##..##
#####))..##
######


You could see 2 orc knights, an orc high priest (strong, ally target), a sun
demon (summoned), an orc sorcerer (strong), 2 orc warriors, an orc priest
(strong) and a friendly soul eater (summoned).

Vanquished Creatures
  2 orc warlords
  Josephine (Orc:1)
  Fannar (Orc:1)
  Erica (Orc:1)
  An orc high priest (Orc:2)
  Sonja (Orc:1)
  3 orc knights
  Pikel (D:7)
  5 orc sorcerers
  A cyclops (Orc:1)
  Maurice (Orc:1)
  Maggie (D:6)
  5 trolls
  Grinder (D:6)
  A hornet (D:10)
  Sigmund (D:6)
  2 wyverns
  21 yaks
  5 wraiths (Orc:1)
  2 steam dragons
  8 wargs
  2 water moccasins
  4 black bears
  2 sky beasts (D:7)
  36 orc warriors
  8 ogres
  3 lemures (D:7)
  A phantom (D:5)
  2 kobold brigands
  4 bullfrogs
  2 necrophages
  A gnoll sergeant (D:9)
  3 scorpions
  17 wights
  The ghost of Iich the Trooper, a weakling HOFi (D:4)
  10 killer bees (D:10)
  4 howler monkeys
  6 electric eels (Bailey)
  4 jellies
  3 hounds
  19 orc priests
  2 bullfrog skeletons (D:4)
  A gnoll bouda (D:6)
  2 centaur skeletons
  2 iguanas (D:5)
  A scorpion zombie (D:3)
  24 orc wizards
  A hound zombie (D:3)
  2 hound skeletons (D:3)
  5 gnolls
  8 adders
  A white imp (D:6)
  An adder zombie (D:3)
  An adder skeleton (D:3)
  3 worms
  2 dart slugs
  67 orcs
  6 bats
  6 endoplasms
  10 giant cockroaches
  14 goblins
  11 hobgoblins
  2 jackals (D:4)
  7 quokkas
  3 ball pythons
  5 frilled lizards
  23 kobolds
  A quokka zombie (D:3)
  3 rats (D:2)
411 creatures vanquished.

Vanquished Creatures (collateral kills)
  An orc sorcerer (Bailey)
  A yak (D:9)
  A warg (Orc:1)
  An orc warrior (Bailey)
  A killer bee (D:10)
  A mummy (D:4)
  7 orcs
13 creatures vanquished.

Vanquished Creatures (others)
  An orc priest (Orc:2)
  An orc wizard (D:10)
  A gnoll (Bailey)
  A goblin (Bailey)
  A withered plant (D:3)
5 creatures vanquished.

Grand Total: 429 creatures vanquished

Notes
Turn   | Place    | Note
-------+----------+-------------------------------------------
     0 | D:1      | Adrian566 the Demonspawn Fighter began the quest for the
                  | Orb.
     0 | D:1      | Reached XP level 1. HP: 18/18 MP: 1/1
   408 | D:1      | Reached skill level 2 in Axes
   408 | D:1      | Gained mutation: You are partially covered in sharp spines.
                  | [demonic ancestry]
   408 | D:1      | Reached XP level 2. HP: 24/24 MP: 2/2
   621 | D:1      | Found a faded altar of an unknown god.
  1287 | D:2      | Found a shadowy altar of Dithmenos.
  1409 | D:2      | Gained mutation: You have a pair of small horns on your
                  | head. [demonic ancestry]
  1409 | D:2      | Reached XP level 3. HP: 28/29 MP: 3/3
  1646 | D:2      | Reached skill level 3 in Axes
  1655 | D:2      | Found the +2 shield of Resistance {rF++ rC++ Will++}
  1959 | D:2      | Reached XP level 4. HP: 35/35 MP: 4/4
  2057 | D:3      | Found a stormy altar of Qazlal.
  2148 | D:3      | Found an opulent altar of Gozag.
  2270 | D:3      | Gained mutation: You are partially covered in rugged brown
                  | scales. (AC +1, +3% HP) [demonic ancestry]
  2270 | D:3      | Reached XP level 5. HP: 35/42 MP: 5/5
  2348 | D:3      | Identified the +0 helmet "Mic Jaywn" {rPois Will+}
  2462 | D:3      | Found a hazy altar of Hepliaklqana.
  2491 | D:4      | Reached skill level 4 in Axes
  2495 | D:4      | Found a staircase to the Ecumenical Temple.
  2757 | D:4      | Found Siaghoen's Jewellery Shop.
  2806 | D:4      | Found a transporter.
  2808 | D:4      | Noticed Iich's ghost (weakling HOFi)
  2813 | D:4      | Found a transporter.
  3154 | D:4      | Gained mutation: A weak demonic guardian rushes to your
                  | aid. [demonic ancestry]
  3154 | D:4      | Reached XP level 6. HP: 48/48 MP: 6/6
  3397 | Temple   | Entered the Ecumenical Temple
  3638 | D:4      | Killed Iich's ghost
  3639 | D:4      | Reached skill level 5 in Axes
  3826 | D:5      | Entered Level 5 of the Dungeon
  4071 | D:5      | Identified a scroll of acquirement
  4071 | D:5      | Acquired 723 gold pieces
  4412 | D:5      | Noticed a water moccasin
  4416 | D:5      | Killed a water moccasin
  4417 | D:5      | Reached XP level 7. HP: 52/53 MP: 7/7
  4422 | D:5      | Reached skill level 6 in Axes
  4426 | D:5      | Reached skill level 1 in Dodging
  4476 | D:5      | Reached skill level 7 in Axes
  4476 | D:5      | Gained mutation: You have a pair of horns on your head.
                  | [demonic ancestry]
  4476 | D:5      | Reached XP level 8. HP: 35/61 MP: 8/8
  5088 | D:6      | Gained mutation: You have an increased reservoir of magic.
                  | (+10% MP) [potion of mutation]
  5088 | D:6      | Gained mutation: You are resistant to electric shocks.
                  | (rElec) [potion of mutation]
  5222 | D:6      | Reached skill level 8 in Axes
  5426 | D:6      | Noticed Grinder
  5439 | D:6      | Killed Grinder
  5440 | D:6      | Reached skill level 5 in Armour
  5440 | D:6      | Reached XP level 9. HP: 66/67 MP: 9/9
  5502 | D:6      | Noticed Maggie
  5510 | D:6      | Killed Maggie
  5511 | D:6      | Reached skill level 9 in Axes
  5803 | D:6      | Noticed Sigmund
  5809 | D:6      | Killed Sigmund
  6406 | D:7      | Found a flagged portal.
  6416 | Bailey   | Entered a bailey
  6435 | Bailey   | Reached skill level 10 in Axes
  6447 | Bailey   | Noticed an orc knight
  6460 | Bailey   | Killed an orc knight
  6461 | Bailey   | Reached skill level 1 in Stealth
  6646 | Bailey   | Reached skill level 5 in Shields
  6671 | Bailey   | Gained mutation: A demonic guardian rushes to your aid.
                  | [demonic ancestry]
  6671 | Bailey   | Reached XP level 10. HP: 71/75 MP: 11/11
  6775 | Bailey   | Found an iron altar of Okawaru.
  6775 | Bailey   | Noticed an orc sorcerer
  6775 | Bailey   | Noticed an orc sorcerer
  6785 | Bailey   | Killed an orc sorcerer
  6786 | Bailey   | Reached skill level 11 in Axes
  6786 | Bailey   | Reached skill level 1 in Evocations
  6801 | Bailey   | Noticed a sun demon
  6804 | Bailey   | Killed an orc sorcerer
  6805 | Bailey   | Reached skill level 5 in Fighting
  6849 | Bailey   | Identified the +1 scale mail "Todoazon" {Int+4 Stlth+}
  6864 | Bailey   | Got the Secrets of Battle Magic
  6889 | Bailey   | Identified the +8 flail "Jaippan" {spect, *Slow rElec rF+
                  | Dex+6}
  6890 | Bailey   | Identified the +5 dagger "Symmim" {speed, rElec rC+}
  7023 | Bailey   | Noticed an orc knight
  7034 | Bailey   | Killed an orc knight
  7474 | D:7      | Identified the +2 pair of boots "Wyjuavy" {+Inv rPois Int+2
                  | Dex-3}
  7479 | D:7      | Noticed Pikel
  7495 | D:7      | Killed Pikel
  7496 | D:7      | Reached skill level 12 in Axes
  7504 | D:7      | Acquired 601 gold pieces
  7507 | D:7      | Acquired 660 gold pieces
  7509 | D:7      | Acquired the +0 hat of Refuge {Will- Str+9 Int+7}
  7511 | D:7      | Acquired 534 gold pieces
  7775 | D:8      | Reached XP level 11. HP: 83/83 MP: 12/12
  7963 | D:8      | Found a bloodstained altar of Trog.
  8998 | D:9      | Found a staircase to the Lair.
  9068 | D:9      | Found a snail-covered altar of Cheibriados.
  9069 | D:9      | Found an ancient bone altar of Kikubaaqudgha.
  9070 | D:9      | Found a blossoming altar of Fedhas.
  9071 | D:9      | Found a hide-covered altar of Uskayaw.
  9122 | D:9      | Reached skill level 13 in Axes
  9183 | D:9      | Found a shimmering blue altar of Sif Muna.
  9692 | D:10     | Entered Level 10 of the Dungeon
  9818 | D:10     | Found a staircase to the Orcish Mines.
 10092 | D:10     | Found a shadowy altar of Dithmenos.
 10311 | D:10     | Found Tih Milaty's General Store.
 10438 | D:10     | Bought a scroll of identify for 28 gold pieces
 10438 | D:10     | Bought a scroll of identify for 28 gold pieces
 10667 | Orc:1    | Entered Level 1 of the Orcish Mines
 10667 | Orc:1    | Noticed Josephine
 10675 | Orc:1    | Killed Josephine
 10696 | Orc:1    | Noticed Erica
 10704 | Orc:1    | Killed Erica
 10705 | Orc:1    | Reached skill level 14 in Axes
 10705 | Orc:1    | Gained mutation: You are mostly covered in rugged brown
                  | scales. (AC +2, +5% HP) [demonic ancestry]
 10705 | Orc:1    | Reached XP level 12. HP: 86/95 MP: 13/13
 10755 | Orc:1    | Found Sevoy's Book Boutique.
 10756 | Orc:1    | Noticed Fannar
 10768 | Orc:1    | Killed Fannar
 10967 | Orc:1    | Noticed Maurice
 10973 | Orc:1    | Killed Maurice
 11193 | Orc:2    | Entered Level 2 of the Orcish Mines
 11198 | Orc:2    | Paralysed by an orc sorcerer for 5 turns
 11198 | Orc:2    | Noticed an orc warlord
 11580 | Orc:2    | Paralysed by an orc sorcerer for 2 turns
 11659 | D:10     | Killed an orc warlord
 11775 | Orc:2    | Noticed Sonja
 12443 | Orc:1    | Killed Sonja
 12613 | Orc:2    | Reached skill level 15 in Axes
 12674 | Orc:2    | Noticed an orc warlord
 12806 | Orc:1    | Killed an orc warlord
 12970 | Orc:2    | Found a staircase to the Elven Halls.
 13091 | Orc:2    | Found Viuneluf's General Store.
 13113 | Orc:2    | Noticed an orc high priest
 13118 | Orc:2    | Noticed an orc high priest
 13124 | Orc:2    | Killed an orc high priest
 13128 | Orc:2    | Killed from afar by an orc sorcerer

Illustrated notes

Levels and vault maps discovered:
D:1:      psy_arrival_whirlpool, layout_loops_corners,
          dreamdust_ecumenical_altar_sealed_demon,
          hangedman_decor_diamond_cutter
D:2:      layout_loops_corners, basic_altar, minmay_worlds_worst_comb
D:3:      layout_rooms, general_overflow_altar, overflow_temple_1_default,
          mainiacjoe_overflow_brackets, serial_undead, serial_undead_a,
          serial_undead_a, serial_undead_b, serial_undead_e, serial_undead_e,
          serial_undead_f
D:4:      layout_gridville, temple_statues, serial_shops,
          nicolae_shop_statue_plus, gammafunk_ghost_mausoleum
D:5:      layout_gridville, kennysheep_small_square
D:6:      layout_layer_cave, minmay_pentangle, uniq_maggie, uniq_grinder,
          uniq_sigmund
D:7:      layout_rooms, enter_bailey_3, serial_bayou_pond_a,
          hangedman_decor_points, uniq_pikel
D:8:      layout_cave_pods, mainiacjoe_overflow_two_lobes, water_boxes_lemuel
D:9:      layout_irregular_city, led_sif_pool, grunt_temple_overflow_open,
          erik_lair_orcish_takeover
D:10:     layout_loops_ring, nicolae_overflow_crystal_walls, david_orc_5,
          serial_shops, nicolae_inconvenience_store
Temple:   nicolae_temple_bog_church
Orc:1:    layout_caves, serial_shops, shop, basic_altar, nicolae_orc_lava_tube,
          uniq_josephine, uniq_erica, uniq_maurice, uniq_fannar
Orc:2:    st_orc_elflike, layout_diamond_mine, basic_altar,
          statue_in_the_mist_lemuel, uniq_sonja

Skill      XL: |  1  2  3  4  5  6  7  8  9 10 11 12 |
---------------+-------------------------------------+-----
Axes           | 2 3 4 5 7 8 10 12 14 15 | 15.3
Armour         | 3 4 5 6 7 8 |  8.5
Shields        | 3 4 5 6 7 |  7.7
Dodging        | 1 |  1.6
Fighting       | 4 5 7 8 |  8.2
Stealth        | 1 2 |  2.0
Evocations     | 1 |  1.9

Action                   |  1- 3 |  4- 6 |  7- 9 | 10-12 || total
-------------------------+-------+-------+-------+-------++-------
Melee: War axe           |    94 |    95 |   126 |   582 ||   897
       Headbutt          |     2 |    23 |    28 |   106 ||   159
Evoke: Wand              |       |       |     4 |    13 ||    17
  Use: Scroll            |       |     9 |     6 |    14 ||    29
       Potion            |       |     2 |     6 |     4 ||    12
 Stab: Distracted        |       |       |       |     2 ||     2
Armor: Scale mail        |    38 |    10 |       |       ||    48
       Plate armour      |       |    54 |    39 |   222 ||   315
Dodge: Dodged            |    37 |    17 |    12 |   100 ||   166
Block: Buckler           |    22 |       |       |       ||    22
       Kite shield       |     1 |    69 |    54 |   303 ||   427

Table legend: (Time is in decaauts)
 A = Elapsed time spent in this place.
 B = Non-inter-level travel time spent in this place.
 C = Inter-level travel time spent in this place.
 D = Time resting spent in this place.
 E = Time spent auto-exploring this place.
 F = Levels seen in this place.
 G = Mean time per level.
                   A        B        C        D        E       F      G
               +--------+--------+--------+--------+--------+-----+--------+
         Total |  13281 |  12194 |   1087 |   1381 |   8461 |  14 |  948.6 |
       Dungeon |   9963 |   8904 |   1059 |    255 |   7033 |  10 |  996.3 |
        Temple |    195 |    189 |      6 |      0 |    142 |   1 |  195.0 |
  Orcish Mines |   2329 |   2307 |     22 |    989 |    848 |   2 | 1164.5 |
        Bailey |    793 |    793 |      0 |    137 |    436 |   1 |  793.0 |
               +--------+--------+--------+--------+--------+-----+--------+

Top non-repeatable levels by time:
   Orc:1: 1891 daAuts
     D:4: 1291 daAuts
     D:6: 1272 daAuts
     D:8: 1132 daAuts
     D:1: 1118 daAuts
    D:10: 1093 daAuts
     D:5: 1036 daAuts
     D:2: 996 daAuts
     D:9: 876 daAuts
  Bailey: 793 daAuts
     D:7: 588 daAuts
     D:3: 558 daAuts
   Orc:2: 438 daAuts
  Temple: 195 daAuts
